 Dungeon Crawl Stone Soup version 0.32-a0-705-g60f233581c (webtiles) character file.

Game seed: 15266628582147630424

6150 seren the Grappler (level 10, -2/68 HPs)
             Began as an Octopode Shapeshifter on Mar 14, 2024.
             Was an Initiate of Gozag.
             Slain by a guardian serpent (3 damage)
             ... on level 11 of the Dungeon.
             The game lasted 00:29:38 (9845 turns).

seren the Grappler (Octopode Shapeshifter)          Turns: 9845, Time: 00:29:39

Health: -2/68      AC:  5    Str: 17    XL:     10   Next: 90%
Magic:  10/10      EV: 17    Int: 13    God:    Gozag
Gold:   114        SH:  8    Dex: 12    Spells: 9/9 levels left

rFire   . .          .
                       - Unarmed
rCold   + . .        Q - +0 kite shield
rNeg    . . .        (helmet currently unavailable)
rPois   .            h - amulet of regeneration
rElec   .            l - ring of protection from cold
rCorr   .            q - +4 ring of protection
SInv    +            K - +5 ring of evasion
Will    .....        U - +4 ring of slaying
Stlth   +++          L - +4 ring of slaying
HPRegen 1.11/turn    W - ring of see invisible
MPRegen 0.12/turn    (no ring)
                     (no ring)

%: no passive effects
@: lethally poisoned (-2 -> -8), beast-form
A: beast (slay +4), almost no armour, amphibious, 8 rings, camouflage 1,
gelatinous body 1, (nimble swimmer 1), tentacles
a: Begin Untransformation, Renounce Religion, Potion Petition, Call Merchant,
Bribe Branch


You were on level 11 of the Dungeon.
You worshipped Gozag.
Gozag was aware of your devotion.
You were a hulking beast.
You visited 2 branches of the dungeon, and saw 12 of its levels.

You collected 889 gold pieces.
You spent 560 gold pieces at shops.
You paid 215 gold pieces to Gozag.

Inventory:

Missiles
 e - 24 stones
 F - 11 poisoned darts (quivered)
Armour
 Q - a +0 kite shield (worn)
Magical Staves
 R - a staff of alchemy
Jewellery
 h - an amulet of regeneration (around mantle)
 i - a ring of ice
 l - a ring of protection from cold (left tentacle)
 q - a +4 ring of protection (right tentacle)
 w - a ring of fire
 K - a +5 ring of evasion (on tentacle)
 L - a +4 ring of slaying (on tentacle)
 U - a +4 ring of slaying (on tentacle)
 W - a ring of see invisible (on tentacle)
Talismans
 b - a beast talisman (active)
 c - a flux talisman
 M - a blade talisman
Wands
 v - a wand of charming (16)
 P - a wand of flame (23)
 V - a wand of warping (7)
Scrolls
 d - 4 scrolls of noise
 g - a scroll of blinking {unknown}
 j - a scroll of brand weapon {unknown}
 k - a scroll of enchant armour {unknown}
 o - 2 scrolls of revelation {unknown}
 p - 4 scrolls of enchant weapon
 u - a scroll of summoning {unknown}
 y - 4 scrolls of amnesia
 B - 3 scrolls of teleportation {!r}
 G - a scroll of identify
 H - 2 scrolls of fear {unknown}
 I - 3 scrolls of poison
 N - a scroll of torment {unknown}
 O - a scroll of fog {unknown}
 T - 3 scrolls of immolation {unknown}
Potions
 a - 2 potions of lignification
 f - 6 potions of curing
 m - 3 potions of cancellation
 n - 2 potions of mutation {!q}
 r - 2 potions of attraction {unknown}
 s - a potion of haste
 t - a potion of degeneration {unknown}
 x - 6 potions of heal wounds
 z - 2 potions of might
 A - a potion of enlightenment {unknown}
 C - a potion of brilliance {unknown}
 D - 4 potions of invisibility {unknown}
 E - 2 potions of berserk rage {unknown}
 J - a potion of ambrosia {unknown}
 S - 2 potions of magic {unknown}


   Skills:
 + Level 6.2 Fighting
 + Level 6.6 Dodging
 - Level 2.0 Stealth
 * Level 3.5 Shields
 * Level 9.0 Unarmed Combat
 + Level 5.9 Evocations
 + Level 7.9 Shapeshifting


You had 9 spell levels left.
You didn't know any spells.
Your spell library contained the following spells:

 Spells                   Type           Power      Damage    Failure   Level
 Apportation              Tloc           0%         N/A       65%         1
 Foxfire                  Conj/Fire      0%         2x1d4     65%         1
 Freeze                   Ice            0%         1d3       65%         1
 Necrotise                Necr           0%         1d4       65%         1
 Sting                    Conj/Alch      0%         1d3       65%         1
 Summon Small Mammal      Summ           0%         N/A       65%         1
 Cigotuvi's Dreadful Rot  Necr/Alch/Air  0%         N/A       78%         2
 Call Canine Familiar     Summ           0%         N/A       95%         3
 Frozen Ramparts          Ice            0%         1d1       95%         3
 Hailstorm                Conj/Ice       0%         3d5       95%         3
 Sigil of Binding         Hex            0%         N/A       95%         3
 Stone Arrow              Conj/Erth      0%         3d7       95%         3
 Vampiric Draining        Necr           0%         2d6       95%         3
 Dimensional Bullseye     Hex/Tloc       0%         N/A       100%        4
 Dispel Undead            Necr           0%         3d6       100%        4
 Martyr's Knell           Necr/Summ      0%         N/A       100%        4
 Curse of Agony           Necr           0%         N/A       100%        5
 Plasma Beam              Fire/Air       0%         2x1d10    100%        6
 Starburst                Conj/Fire      0%         6d3       100%        6
 Haunt                    Necr/Summ      0%         N/A       100%        7
 Malign Gateway           Summ/Tloc      0%         N/A       100%        7
 Borgnjor's Revivificati  Necr           0%         N/A       100%        8
 Lehudib's Crystal Spear  Conj/Erth      0%         10d2      100%        8
 Summon Horrible Things   Summ           0%         N/A       100%        8
 Death's Door             Necr           0%         N/A       100%        9
 Animate Armour           Summ/Erth      Unusable   N/A       N/A         4

Dungeon Overview and Level Annotations

Branches:
Dungeon (11/15)            Temple (1/1) D:7
   Lair: D:8-11         Orc: D:9-12

Altars:
Ashenzari
Cheibriados
Dithmenos
Elyvilon
Fedhas
Gozag
Hepliaklqana
Kikubaaqudgha
Makhleb
Nemelex Xobeh
Okawaru
Qazlal
Ru
Sif Muna
Trog
Uskayaw
Vehumet
Wu Jian
Xom
Yredelemnul
Zin
The Shining One

Shops:
D:3 !   D:6 =

Annotations:
D:6 exclusion: 2 lemures, Dowan, Duvessa, Pikel
D:7 exclusions: downstairs and 2 killer bees
D:8 exclusions: downstairs, hornet, 3 killer bees and steam dragon
D:9 exclusions: 2 orcs and 2 orc warriors
D:10 exclusions: acid dragon and two-headed ogre


Innate Abilities, Weirdness & Mutations

You are a hulking beast.
Your limbs bulge with bestial killing power. (Slay +4)
You cannot wear most types of armour.
You are amphibious.
You can wear up to eight rings at the same time.
Your skin changes colour to match your surroundings (Stealth+).
Your rubbery body absorbs attacks. (AC +1, EV +1)
((You are camouflaged when in or above water. (Stealth+)))
You have tentacles for arms and can constrict up to eight enemies at once.


Message History

There is an open door here.
There is an open door here.
S - 2 puce potions (gained 1) As you open the door, it creaks loudly!
Found a wand of charming (7) and 2 fizzy orange potions.
There is an open door here.
D - 4 fizzy orange potions (gained 2)
v - a wand of charming (16) (gained 7 charges)
You open the door.
Found 10 gold pieces.
A guardian serpent comes into view.
The guardian serpent shouts!
There is an open door here.
Okay, then.
As you read the scroll of identify, it crumbles to dust.
I - 3 scrolls of poison An unseen horror comes into view.
You block the guardian serpent's attack.
The unseen horror moves out of view.
You bludgeon the guardian serpent!
Your tentacle-slap misses the guardian serpent.
The guardian serpent is moderately wounded.
The guardian serpent hits you!!
* * * LOW HITPOINT WARNING * * *
You tentacle-slap the guardian serpent.
The guardian serpent is moderately wounded.
The guardian serpent hits you.
* * * LOW HITPOINT WARNING * * *
The guardian serpent hits you!!
* * * LOW HITPOINT WARNING * * *
Okay, then.
You feel much better. The guardian serpent hits you!!
* * * LOW HITPOINT WARNING * * *
The guardian serpent casts a spell at you.
The bolt of poison hits you!
You are poisoned.
* * * LOW HITPOINT WARNING * * *
The guardian serpent hits you.
You die...
Your body crumbles into a pile of gold.

############ ##########
#..........#
.........####..........#
.......h.'.##..........#
.....$.S.#.##..........'
.........#..#..........#
##.......##.'..........#
#.......####..........#
+.####### #..........#
#. #..........# .
#######'#### #..#


You could see a guardian serpent.

Vanquished Creatures
  An ugly thing (D:11)
  A gargoyle (D:10)
  Maggie (D:6)
  A wyvern (D:9)
  10 yaks
  An acid dragon (D:10)
  3 water moccasins
  2 orc warriors
  An ice beast (D:8)
  6 black bears
  A centaur (D:10)
  A lemure (D:6)
  A phantom (D:5)
  A bullfrog (D:6)
  A kobold brigand (D:8)
  A gnoll sergeant (D:8)
  3 scorpions
  6 wights
  6 killer bees (D:9)
  5 howler monkeys
  A hound (D:5)
  2 jellies (D:8)
  2 gnoll boudas
  5 orc priests
  An iron imp (D:4)
  A sleepcap (D:8)
  6 iguanas
  4 orc wizards
  19 gnolls
  12 adders
  2 shadow imps
  2 white imps
  A dart slug (D:3)
  2 ribbon worms
  30 orcs
  3 ball pythons
  4 endoplasms
  3 giant cockroaches
  10 goblins
  11 hobgoblins
  3 jackals (D:4)
  2 quokkas (D:2)
  5 bats
  2 frilled lizards (D:1)
  13 kobolds
  5 rats
204 creatures vanquished.

Notes
Turn   | Place    | Note
-------+----------+-------------------------------------------
     0 | D:1      | seren the Octopode Shapeshifter began the quest for the
                  | Orb.
     0 | D:1      | Reached XP level 1. HP: 13/13 MP: 1/1
   105 | D:1      | Reached XP level 2. HP: 16/18 MP: 2/2
   662 | D:2      | Found a faded altar of an unknown god.
   667 | D:2      | Reached XP level 3. HP: 23/23 MP: 3/3
  1131 | D:3      | Found Lungem's Distillery.
  1193 | D:3      | Reached XP level 4. HP: 21/29 MP: 4/4
  1558 | D:3      | Reached XP level 5. HP: 35/35 MP: 5/5
  2009 | D:4      | Found an ancient bone altar of Kikubaaqudgha.
  2010 | D:4      | Found a blossoming altar of Fedhas.
  2082 | D:4      | Reached skill level 4 in Unarmed Combat
  2296 | D:4      | Reached XP level 6. HP: 40/41 MP: 6/6
  2353 | D:4      | Reached skill level 1 in Stealth
  2508 | D:4      | Noticed a black bear
  2514 | D:4      | Killed a black bear
  2515 | D:4      | Reached skill level 1 in Evocations
  2672 | D:4      | Found a burning altar of Makhleb.
  2704 | D:5      | Entered Level 5 of the Dungeon
  2730 | D:5      | Reached XP level 7. HP: 45/46 MP: 7/7
  3011 | D:5      | Reached skill level 5 in Unarmed Combat
  3180 | D:5      | Found a hazy altar of Hepliaklqana.
  3441 | D:5      | Reached skill level 5 in Shapeshifting
  3441 | D:5      | Reached XP level 8. HP: 44/53 MP: 8/8
  3793 | D:3      | Bought a potion of heal wounds for 50 gold pieces
  4097 | D:6      | Noticed Pikel
  4120 | D:6      | Noticed Duvessa
  4272 | D:6      | Reached skill level 6 in Unarmed Combat
  4353 | D:6      | Found an ornate altar of the Wu Jian Council.
  4456 | D:6      | Noticed Maggie
  4469 | D:6      | Killed Maggie
  4500 | D:6      | Reached XP level 9. HP: 59/59 MP: 9/9
  4748 | D:6      | Found Imairr's Jewellery Shoppe.
  4774 | D:6      | Noticed Dowan
  5288 | D:7      | Found a bloodstained altar of Trog.
  5297 | D:7      | Reached skill level 5 in Dodging
  5610 | D:6      | Bought a +5 ring of evasion for 360 gold pieces
  5751 | D:7      | Reached skill level 7 in Unarmed Combat
  5872 | D:7      | Found a staircase to the Ecumenical Temple.
  5881 | Temple   | Entered the Ecumenical Temple
  6297 | D:8      | Reached skill level 5 in Fighting
  6385 | D:8      | Found a sparkling altar of Nemelex Xobeh.
  6420 | D:8      | Noticed a hornet
  6599 | D:8      | Found an opulent altar of Gozag.
  6599 | D:8      | Found a shimmering blue altar of Sif Muna.
  6663 | D:8      | Found a shimmering altar of Xom.
  6758 | D:8      | Reached XP level 10. HP: 55/66 MP: 10/10
  6762 | D:8      | Reached skill level 8 in Unarmed Combat
  6762 | D:8      | Reached skill level 5 in Evocations
  7890 | D:9      | Reached skill level 1 in Shields
  8211 | D:9      | Found an iron altar of Okawaru.
  8535 | D:8      | Became a worshipper of Gozag Ym Sagoz the Greedy
  8606 | D:10     | Entered Level 10 of the Dungeon
  8927 | D:10     | Noticed a gargoyle
  9029 | D:10     | Found a radiant altar of Vehumet.
  9106 | D:10     | Noticed a two-headed ogre
  9161 | D:10     | Killed a gargoyle
  9192 | D:10     | Found a glowing silver altar of Zin.
  9506 | D:6      | Bought a ring of see invisible for 150 gold pieces
  9697 | D:11     | Noticed a green ugly thing
  9712 | D:11     | Killed a green ugly thing
  9713 | D:11     | Reached skill level 9 in Unarmed Combat
  9838 | D:11     | Noticed a guardian serpent
  9841 | D:11     | Noticed an unseen horror
  9845 | D:11     | HP: 1/68 [guardian serpent/bolt of poison (14)]
  9845 | D:11     | Slain by a guardian serpent

Illustrated notes

Levels and vault maps discovered:
D:1:      ncdulo_watergridlock, layout_loops_ring
D:2:      layout_rooms, nicolae_ecumenical_pavilion,
          chequers_serial_rivers_micro_c, minmay_misc_feat_tiny
D:3:      layout_loops_ring, serial_shops, nicolae_shop_trees,
          kennysheep_generic_room_6
D:4:      layout_basic, grunt_temple_overflow_growth_and_decay, demons_altar,
          st_stairs_8
D:5:      layout_cave_pods, nzn_hepliaklqana_mist_gate, serial_rivers,
          chequers_serial_rivers_small_3, chequers_serial_rivers_room_b,
          chequers_serial_rivers_small_3, chequers_serial_rivers_micro_d
D:6:      layout_loops_corners, nzn_wu_jian_council_hall, serial_shops,
          nicolae_shop_tiny_real_fake_doors, nrook_campfire, uniq_maggie,
          uniq_pikel, uniq_duvessa
D:7:      layout_gridville, trog_butcher_becter, lemuel_temple_firewalk_b
D:8:      layout_gridville, nemelex_xobeh_ov_fountains_minmay,
          dk_xom_monty_hall, gammafunk_temple_overflow_elements,
          columned_hall_lemuel
D:9:      layout_rooms, amcnicky_altar_gilded, patterned_corridor
D:10:     layout_cross, nicolae_vehumet_altar_sigil, mainiacjoe_overflow_paths
D:11:     layout_roguey, david_lair_shrubbed, orc_0_dummy,
          nrook_guardian_serpent_ordinary
Temple:   chequers_temple_sunken

Skill      XL: |  1  2  3  4  5  6  7  8  9 10 |
---------------+-------------------------------+-----
Fighting       | 2 3 4 5 6 |  6.2
Dodging        | 3 4 5 6 |  6.6
Unarmed Combat | 4 5 6 7 9 |  9.0
Stealth        | 2 |  2.0
Shapeshifting  | 4 5 6 7 |  7.9
Evocations     | 1 2 3 4 5 |  5.9
Shields        | 3 |  3.5

Action                     |  1- 3 |  4- 6 |  7- 9 | 10-12 || total
---------------------------+-------+-------+-------+-------++-------
  Melee: Unarmed           |    78 |    94 |   196 |   146 ||   514
         Tentacles         |    13 |    23 |    56 |    23 ||   115
         Constrict         |    23 |    28 |    55 |     9 ||   115
         Punch             |       |     5 |    10 |    10 ||    25
  Throw: Dart              |       |       |       |     4 ||     4
  Evoke: Wand              |       |       |       |     3 ||     3
    Use: Scroll            |       |     6 |     1 |     4 ||    11
         Potion            |       |       |       |     6 ||     6
   Stab: Sleeping          |     8 |     2 |     7 |     2 ||    19
         Distracted        |       |     1 |       |       ||     1
 Armour: Skin              |    37 |    41 |    58 |   175 ||   311
  Dodge: Dodged            |    36 |    45 |   117 |    76 ||   274
  Block: Kite shield       |       |       |       |    73 ||    73
   Form: Flux              |       |       |     1 |     1 ||     2
         Beast             |       |       |       |     2 ||     2

Table legend: (Time is in decaauts)
 A = Elapsed time spent in this place.
 B = Non-inter-level travel time spent in this place.
 C = Inter-level travel time spent in this place.
 D = Time resting spent in this place.
 E = Time spent auto-exploring this place.
 F = Levels seen in this place.
 G = Mean time per level.
                   A        B        C        D        E       F      G
               +--------+--------+--------+--------+--------+-----+--------+
         Total |   9802 |   8405 |   1397 |    260 |   4977 |  12 |  816.8 |
       Dungeon |   9769 |   8388 |   1381 |    260 |   4977 |  11 |  888.1 |
        Temple |     33 |     17 |     16 |      0 |      0 |   1 |   33.0 |
               +--------+--------+--------+--------+--------+-----+--------+

Top non-repeatable levels by time:
     D:8: 1634 daAuts
     D:6: 1416 daAuts
     D:7: 1074 daAuts
     D:5: 1033 daAuts
     D:4: 923 daAuts
     D:9: 879 daAuts
     D:3: 801 daAuts
    D:10: 739 daAuts
     D:1: 659 daAuts
     D:2: 441 daAuts
    D:11: 165 daAuts
  Temple: 33 daAuts
